 Dungeon Crawl Stone Soup version 0.31-a0-261-g072fdb8a1f (webtiles) character file.

Game seed: 12720940043253485574

152 qw the Shooter (level 5, 0/45 HPs)
             Began as a Minotaur Hexslinger on July 13, 2023.
             Slain by Ijyb
             ... wielding a +4 club
              (5 damage)
             ... on level 3 of the Dungeon.
             The game lasted 00:00:57 (2122 turns).

qw the Shooter (Minotaur Hexslinger)                Turns: 2122, Time: 00:00:57

Health: 0/45       AC:  3    Str: 12    XL:     5   Next: 11%
Magic:  5/5        EV: 17    Int: 10    God:
Gold:   156        SH:  0    Dex: 15    Spells: 5/6 levels left

rFire   . . .        Y - +1 sling
rCold   . . .        (no shield)
rNeg    . . .        h - +0 leather armour
rPois   .            (helmet restricted)
rElec   .            (no cloak)
rCorr   .            (no gloves)
SInv    .            (no boots)
Will    .....        (no amulet)
Stlth   +            e - +5 ring of evasion
HPRegen 0.27/turn    (no ring)
MPRegen 0.09/turn

%: no passive effects
@: about to teleport
A: horns 2, retaliatory headbutt
a: no special abilities


You were on level 3 of the Dungeon.
You visited 1 branch of the dungeon, and saw 3 of its levels.

You collected 156 gold pieces.


Innate Abilities, Weirdness & Mutations

You have a pair of horns on your head.
You reflexively headbutt those who attack you in melee.


   Skills:
 - Level 3.2 Fighting
 + Level 5.1 Ranged Weapons
 - Level 2.1 Dodging
 - Level 1.0 Spellcasting
 - Level 2.0 Hexes


You had 5 spell levels left.
You knew the following spells:

 Your Spells              Type           Power      Damage    Failure   Level
a - Slow                  Hex            16%        N/A       19%         1

Your spell library contained the following spells:

 Spells                   Type           Power      Damage    Failure   Level
 Inner Flame              Hex/Fire       2%         N/A       65%         3
 Portal Projectile        Hex/Tloc       4%         N/A       65%         3
 Cause Fear               Hex            2%         N/A       88%         4

Inventory:

Hand Weapons
 Y - a +1 sling (weapon)
Armour
 b - a scarf of harm
 h - a +0 leather armour (worn)
Jewellery
 e - a +5 ring of evasion (left hand)
 g - an amulet of regeneration
Scrolls
 a - a scroll of identify
 c - a scroll of immolation {unknown}
Potions
 f - a potion of mutation
 k - a potion of might
 l - a potion of heal wounds {unknown}
 n - 3 potions of brilliance {unknown}

Dungeon Overview and Level Annotations

Branches:
Dungeon (3/15)

Altars:
Cheibriados

Annotations:
D:3 Ijyb


Message History

You shoot a sling bullet.
The sling bullet hits Ijyb but does no damage.
You shoot a sling bullet. The sling bullet closely misses Ijyb.
Ijyb hits you with a +4 club.
You shoot a sling bullet.
The sling bullet hits Ijyb but does no damage.
Ijyb zaps a wand.
You barely resist. You shoot a sling bullet. The sling bullet hits Ijyb.
Ijyb is lightly wounded.
Ijyb zaps a wand.
Your mind is blasted!
Ijyb barely misses you.
You shoot a sling bullet.
The sling bullet hits Ijyb but does no damage.
Ijyb is lightly wounded.
Ijyb misses you. You furiously retaliate!
You headbutt Ijyb. You shoot a sling bullet.
The sling bullet closely misses Ijyb.
Ijyb hits you with a +4 club.
You shoot a sling bullet. The sling bullet hits Ijyb.
Ijyb is heavily wounded.
Ijyb misses you.
You shoot a sling bullet. The sling bullet closely misses Ijyb.
Ijyb barely misses you. You furiously retaliate!
You headbutt Ijyb. Ijyb misses you.
You shoot a sling bullet. The sling bullet closely misses Ijyb.
Ijyb hits you with a +4 club.
You shoot a sling bullet. The sling bullet barely misses Ijyb.
Ijyb hits you with a +4 club!
You shoot a sling bullet. The sling bullet hits Ijyb.
Ijyb is severely wounded.
Ijyb zaps a wand.
Your mind is blasted!
2120 ||| READING scroll of teleportation.
As you read the scroll of teleportation, it crumbles to dust.
You feel strangely unstable. Ijyb misses you.
You shoot a sling bullet.
The sling bullet hits Ijyb but does no damage.
Ijyb is severely wounded.
Ijyb hits you with a +4 club.
You shoot a sling bullet. The sling bullet barely misses Ijyb.
Ijyb closely misses you. Ijyb hits you with a +4 club.
You die...

# #....)#...#
#.)...#...#
#.....#...#
+##.....##'##
#............#
#............#
##########...#
......#...#
...)).g@..#
......'...#
###########


You could see Ijyb.

Vanquished Creatures
  Terence (D:3)
  An orc wizard (D:3)
  3 adders (D:3)
  2 dart slugs
  A worm (D:3)
  3 orcs (D:3)
  5 ball pythons (D:1)
  4 endoplasms
  4 giant cockroaches
  6 hobgoblins
  3 jackals (D:3)
  4 quokkas
  3 bats
  6 frilled lizards
  8 goblins
  5 kobolds
  6 rats
65 creatures vanquished.

Notes
Turn   | Place    | Note
-------+----------+-------------------------------------------
     0 | D:1      | qw the Minotaur Hexslinger began the quest for the Orb.
     0 | D:1      | Reached XP level 1. HP: 16/16 MP: 1/1
     0 | D:1      | 0 ||| qw: Version: 0.3-a-52-g30416fa
     0 | D:1      | 0 ||| qw: Game counter: 6965
     0 | D:1      | 0 ||| qw: Melee chars always use a shield: true
     0 | D:1      | 0 ||| qw: God list: Okawaru
     0 | D:1      | 0 ||| qw: Allow faded altars: false
     0 | D:1      | 0 ||| qw: Do Orc after clearing Dungeon:15 true
     0 | D:1      | 0 ||| qw: Do second Lair branch before Depths: true
     0 | D:1      | 0 ||| qw: Lair rune preference: random
     0 | D:1      | 0 ||| qw: Goals: Normal
     0 | D:1      | 0 ||| PLANNING D:1-11
   171 | D:1      | Reached skill level 3 in Ranged Weapons
   171 | D:1      | Reached XP level 2. HP: 23/23 MP: 2/2
   285 | D:1      | 285 ||| Stepping ~*~*~tactically~*~*~ (outnumbered).
   289 | D:1      | 289 ||| FLEEEEING.
   291 | D:1      | 291 ||| FLEEEEING.
   292 | D:1      | 292 ||| FLEEEEING.
   293 | D:1      | 293 ||| FLEEEEING.
   477 | D:1      | Reached XP level 3. HP: 29/29 MP: 3/3
   717 | D:1      | 717 ||| UPGRADING to +0 leather armour.
   727 | D:1      | 727 ||| DROPPING +0 robe.
   728 | D:1      | 728 ||| READING 3 scrolls labelled VOUVVI VUINU.
   729 | D:1      | 729 ||| READING scroll labelled HUVVINOKHLI.
   730 | D:1      | 730 ||| READING scroll labelled ASKEOJ VUSTRUL.
   731 | D:1      | 731 ||| READING 2 scrolls of identify.
   731 | D:1      | 731 ||| IDENTIFYING metallic blue potion
   732 | D:1      | 732 ||| DROPPING scroll of poison.
  1275 | D:2      | 1275 ||| UPGRADING to +5 ring of evasion.
  1276 | D:2      | 1276 ||| DROPPING +6 ring of intelligence.
  1277 | D:2      | 1277 ||| READING scroll labelled GUTANK OTAIM.
  1278 | D:2      | 1278 ||| READING scroll labelled WIXAATZ HEUG.
  1282 | D:2      | 1282 ||| READING scroll labelled VIOL DAISHROTZ.
  1283 | D:2      | 1283 ||| READING 2 scrolls labelled DOLEBEH FEMMO.
  1284 | D:2      | 1284 ||| READING scroll labelled WITAUJI IQESTA.
  1285 | D:2      | 1285 ||| DRINKING 2 sedimented green potions.
  1286 | D:2      | 1286 ||| READING 2 scrolls of identify.
  1286 | D:2      | 1286 ||| IDENTIFYING glowing cyan potion
  1287 | D:2      | 1287 ||| DROPPING scroll of revelation.
  1346 | D:3      | Reached skill level 4 in Ranged Weapons
  1393 | D:3      | 1393 ||| DRINKING 2 potions of curing.
  1393 | D:3      | 1393 ||| (to cure confusion)
  1394 | D:3      | 1394 ||| DRINKING potion of curing.
  1394 | D:3      | 1394 ||| (to cure confusion)
  1405 | D:3      | HP: 6/29 [something (3)]
  1408 | D:3      | Reached XP level 4. HP: 8/36 MP: 4/4
  1604 | D:3      | Found a snail-covered altar of Cheibriados.
  1773 | D:3      | Reached skill level 5 in Ranged Weapons
  1944 | D:3      | Noticed Terence
  1957 | D:3      | Killed Terence
  1958 | D:3      | Reached skill level 3 in Fighting
  1958 | D:3      | Reached XP level 5. HP: 26/45 MP: 5/5
  2103 | D:3      | Noticed Ijyb
  2119 | D:3      | HP: 6/45 [disintegration (7)]
  2120 | D:3      | 2120 ||| READING scroll of teleportation.
  2122 | D:3      | Slain by Ijyb

Levels and vault maps discovered:
D:1:      lemuel_arrival_river_bridge, layout_loops_ring, minmay_split_cup_small
D:2:      layout_rooms, roderic_lattice_a, chequers_serial_rivers_small_b
D:3:      kennysheep_goblin_castle, layout_rooms, chei_slow_surprise,
          uniq_terence

Skill      XL: |  1  2  3  4 |
---------------+-------------+-----
Ranged Weapons | 3 4 5 |  5.1
Fighting       | 2 3 |  3.2
Dodging        | |  2.1
Spellcasting   | |  1.0
Hexes          | |  2.0

Action                     |  1- 3 |  4- 6 || total
---------------------------+-------+-------++-------
   Fire: Sling             |   128 |    88 ||   216
    Use: Scroll            |    10 |     1 ||    11
         Potion            |     3 |       ||     3
 Armour: Robe              |     7 |       ||     7
         Leather armour    |     7 |     3 ||    10
  Dodge: Dodged            |    29 |    30 ||    59

Table legend:
 A = Non-vault XP
 B = Vault XP
 C = Vault XP percentage of total XP
 D = Non-vault monster count
 E = Vault monster count
 F = Vault count percentage of total count
                 A         B        C        D         E       F
            +---------+---------+-------+---------+---------+-------
      Total |     160 |      58 |  26.6 |      52 |      13 |  20.0
            +---------+---------+-------+---------+---------+-------
        D:1 |      38 |       5 |  11.6 |      25 |       3 |  10.7
        D:2 |      13 |       0 |   0.0 |       7 |       0 |   0.0
        D:3 |     109 |      53 |  32.7 |      20 |      10 |  33.3
            +---------+---------+-------+---------+---------+-------
